 Dungeon Crawl Stone Soup version 0.31-a0-1539-g569d6c7dce (webtiles) character file.

Game seed: 16403495887902148019

296 Flugslaktarn the Trooper (level 6, -1/57 HPs)
             Began as a Minotaur Fighter on Jan 1, 2024.
             Slain by an ogre
             ... wielding a +0 giant spiked club
              (26 damage)
             ... on level 4 of the Dungeon.
             The game lasted 00:01:02 (2093 turns).

Flugslaktarn the Trooper (Minotaur Fighter)         Turns: 2093, Time: 00:01:02

Health: -1/57      AC:  9    Str: 23    XL:     6   Next: 12%
Magic:  5/5        EV: 14    Int:  5    God:
Gold:   140        SH:  4    Dex:  9    Spells: 5/5 levels left

rFire   . . .        a - +0 war axe
rCold   . . .        c - +0 buckler
rNeg    . . .        b - +0 scale mail
rPois   .            (helmet restricted)
rElec   .            o - +0 cloak
rCorr   .            (no gloves)
SInv    .            p - +0 pair of boots
Will    .....        k - amulet of faith Stlth
                     v - +5 ring of evasion
HPRegen 0.29/turn    (no ring)
MPRegen 0.09/turn

%: faith
@: no status effects
A: horns 2, retaliatory headbutt
a: no special abilities


You were on level 4 of the Dungeon.
You visited 1 branch of the dungeon, and saw 4 of its levels.

You collected 140 gold pieces.

Inventory:

Hand Weapons
 a - a +0 war axe (weapon)
Armour
 b - a +0 scale mail (worn)
 c - a +0 buckler (worn)
 o - a +0 cloak (worn)
   (You found it on level 3 of the Dungeon)
 p - a +0 pair of boots (worn)
   (You found it on level 3 of the Dungeon)
Jewellery
 k - an amulet of faith (around neck)
   (You found it on level 2 of the Dungeon)
 v - a +5 ring of evasion (left hand)
   (You found it on level 3 of the Dungeon)
Scrolls
 f - 2 scrolls of fear {unknown}
 h - a scroll of enchant armour {unknown}
 l - a scroll of immolation {unknown}
 n - 5 scrolls of identify {unknown}
 q - a scroll of noise {unknown}
Potions
 d - a potion of might
 e - 2 potions of curing {unknown}
 g - a potion of ambrosia {unknown}
 i - 2 potions of magic {unknown}
 j - a potion of cancellation {unknown}
 m - a potion of attraction {unknown}
 r - a potion of brilliance {unknown}
 s - a potion of resistance {unknown}


   Skills:
 * Level 5.9 Fighting
 * Level 5.2 Axes
 + Level 4.9 Armour
 - Level 3.6 Shields


You had 5 spell levels left.
You didn't know any spells.
Your spell library contained the following spells:

 Spells                   Type           Power      Damage    Failure   Level
 Magic Dart               Conj           0%         1d3       83%         1
 Shock                    Conj/Air       0%         1d3       83%         1
 Searing Ray              Conj           0%         2d4       93%         2
 Swiftness                Air            0%         N/A       99%         3
 Airstrike                Air            0%         2d(0-16)  100%        4
 Fulminant Prism          Conj/Alch      0%         3d5       100%        4


Dungeon Overview and Level Annotations

Branches:
Dungeon (4/15)
 Temple: D:4-7

Altars:
Gozag
Makhleb
Ru
Wu Jian


Innate Abilities, Weirdness & Mutations

You have a pair of horns on your head.
You reflexively headbutt those who attack you in melee.


Message History

A kobold is nearby!
A kobold is nearby!
The kobold throws a stone.
The stone misses you. You block the kobold's attack.
You slash the kobold!
You kill the kobold!
No target in view!
No target in view!
You now have 131 gold pieces (gained 19).
Things that are here:
a +0 short sword; 7 stones A rat comes into view.
The rat squeaks loudly.
You hear a loud squeak.
A rat comes into view.
There are monsters nearby!
You hit the rat.
You kill the rat!
A rat is nearby!
You closely miss the rat. Your headbutt misses the rat.
The rat barely misses you. You furiously retaliate!
You headbutt the rat!
You kill the rat!
No target in view!
No target in view!
No target in view!
You see here a rat corpse.
There is an open door here.
s - a silvery potion No target in view!
A ball python comes into view.
The ball python hisses angrily.
A ball python is nearby!
You closely miss the ball python. You block the ball python's attack.
The ball python closely misses you.
You closely miss the ball python. Your headbutt misses the ball python.
You block the ball python's attack. The ball python misses you.
The ball python closely misses you. The ball python misses you.
You barely miss the ball python. The ball python barely misses you.
You furiously retaliate!
You headbutt the ball python.
You kill the ball python!
No target in view!
There is an open door here.
You see here a rat corpse.
Things that are here:
a +0 short sword; 7 stones You see here a +2 dagger of venom.
There is a stone staircase leading down here.
You now have 140 gold pieces (gained 9).
Done exploring.
No target in view!
Done exploring.
No target in view!
Done exploring.
No target in view!
There is a stone staircase leading down here.
You climb downwards.
The ball python hisses angrily.
The endoplasm quivers.
Found a stone staircase leading down.
There is a stone staircase leading up here.
There are monsters nearby!
Unknown command.
There are monsters nearby!
There are monsters nearby!
You closely miss the ball python. The ball python closely misses you.
The ball python grabs you. The ball python constricts you.
You slash the ball python!
You kill the ball python!
You hit the endoplasm. The endoplasm freezes you.
You are frozen.
You slash the endoplasm!
You kill the endoplasm!
No target in view!
No target in view!
HP restored.
An ogre comes into view. It is wielding a +0 giant spiked club.
The ogre shouts!
You hear an angry hiss.
An adder comes into view.
There are monsters nearby!
An iguana comes into view.
There are monsters nearby!
The iguana hisses angrily.
You slash the ogre!
The ogre is moderately wounded.
The ogre hits you with a +0 giant spiked club!
You hit the ogre but do no damage.
The ogre is moderately wounded.
The ogre hits you with a +0 giant spiked club!
You slash the ogre!
The ogre is severely wounded.
The ogre closely misses you. The adder bites you but does no damage.
You hit the ogre.
The ogre is almost dead.
You barely miss the adder. The adder bites you but does no damage.
You block the ogre's attack.
You hit the ogre.
The ogre is almost dead.
You hit the adder.
The adder bites you but does no damage. x2
The ogre hits you with a +0 giant spiked club!!
You die...

..... ..# ....
..### ...#......
##..#...... ..
#...#...... #..
#..l.......
...####?.SO...#
.........@#
..##.....##
#.........#
....##....####
..# #.......#
#..####...
..####..########.
.................
.........#####...


You could see an ogre, an iguana and an adder.

Vanquished Creatures
  An ice beast (D:3)
  A scorpion (D:3)
  A howler monkey (D:3)
  Jessica (D:3)
  2 adders (D:3)
  A ribbon worm (D:2)
  5 endoplasms
  5 giant cockroaches
  5 goblins
  7 hobgoblins
  3 jackals (D:3)
  5 quokkas
  8 ball pythons
  4 bats
  2 frilled lizards
  4 kobolds
  5 rats
60 creatures vanquished.

Notes
Turn   | Place    | Note
-------+----------+-------------------------------------------
     0 | D:1      | Flugslaktarn the Minotaur Fighter began the quest for the
                  | Orb.
     0 | D:1      | Reached XP level 1. HP: 19/19 MP: 0/0
    83 | D:1      | Reached XP level 2. HP: 27/27 MP: 1/1
   523 | D:1      | You fall into a shaft and drop 1 floor!
   581 | D:2      | Reached XP level 3. HP: 29/33 MP: 2/2
  1191 | D:3      | Found an opulent altar of Gozag.
  1191 | D:3      | Found an ornate altar of the Wu Jian Council.
  1199 | D:3      | Found a faded altar of an unknown god.
  1201 | D:3      | Found a sacrificial altar of Ru.
  1203 | D:3      | Found a burning altar of Makhleb.
  1484 | D:3      | Reached XP level 4. HP: 41/41 MP: 3/3
  1519 | D:3      | Noticed an ice beast
  1526 | D:3      | Killed an ice beast
  1527 | D:3      | Reached skill level 5 in Fighting
  1527 | D:3      | Reached XP level 5. HP: 37/48 MP: 4/4
  1599 | D:3      | Reached skill level 5 in Axes
  1614 | D:3      | Noticed Jessica
  1620 | D:3      | Killed Jessica
  1621 | D:3      | Reached XP level 6. HP: 41/57 MP: 5/5
  2093 | D:4      | Slain by an ogre

Illustrated notes

Levels and vault maps discovered:
D:1:      beargit_arrival_greenhouse, layout_loops_cross,
          minmay_misc_feat_nine_boxes
D:2:      layout_rooms, minmay_domino_4
D:3:      layout_basic, chequers_temple_overflow_minitemple, dk_noncrumbling_4,
          uniq_jessica
D:4:      layout_rooms, nicolae_hepliaklqana_hippocampus,
          minmay_temple_entry_slanted, nicolae_zig_zag_zippers, uniq_ijyb

Skill      XL: |  1  2  3  4  5 |
---------------+----------------+-----
Fighting       | 4 5 |  5.9
Axes           | 3 4 5 |  5.2
Armour         | 4 |  4.9
Shields        | |  3.6

Action                     |  1- 3 |  4- 6 || total
---------------------------+-------+-------++-------
  Melee: War axe           |    77 |    37 ||   114
         Headbutt          |     8 |     6 ||    14
 Armour: Scale mail        |    51 |    19 ||    70
  Dodge: Dodged            |    42 |    23 ||    65
  Block: Buckler           |    15 |     9 ||    24

Table legend: (Time is in decaauts)
 A = Elapsed time spent in this place.
 B = Non-inter-level travel time spent in this place.
 C = Inter-level travel time spent in this place.
 D = Time resting spent in this place.
 E = Time spent auto-exploring this place.
 F = Levels seen in this place.
 G = Mean time per level.
                   A        B        C        D        E       F      G
               +--------+--------+--------+--------+--------+-----+--------+
         Total |   2130 |   2038 |     92 |      0 |   1680 |   4 |  532.5 |
       Dungeon |   2130 |   2038 |     92 |      0 |   1680 |   4 |  532.5 |
               +--------+--------+--------+--------+--------+-----+--------+

Top non-repeatable levels by time:
     D:3: 896 daAuts
     D:1: 762 daAuts
     D:2: 439 daAuts
     D:4: 32 daAuts
